 Dungeon Crawl Stone Soup version 0.31-a0-986-g5e6e4ef867 (webtiles) character file.

Game seed: 14440861912068110878

2412 mandarbmax the Slicer (level 9, -5/44 HPs)
             Began as a Vine Stalker Fighter on Nov 18, 2023.
             Killed from afar by an electric eel (7 damage)
             ... with a bolt of electricity
             ... on level 8 of the Dungeon.
             The game lasted 00:14:11 (5417 turns).

mandarbmax the Slicer (Vine Stalker Fighter)        Turns: 5417, Time: 00:14:12

Health: -5/44      AC: 17    Str: 19    XL:     9   Next: 47%
Magic:  0/10       EV:  7    Int:  8    God:
Gold:   413        SH:  5    Dex: 18    Spells: 8/8 levels left

rFire   + . .        a - +1 rapier (venom)
rCold   . . .        c - +0 buckler
rNeg    . . .        w - +2 chain mail {rF+}
rPois   +            q - +1 helmet
rElec   .            (no cloak)
rCorr   .            (no gloves)
SInv    .            (no boots)
Will    +....        f - amulet of faith Stlth
                     e - ring of poison resistance
HPRegen 1.07/turn    s - +4 ring of protection
MPRegen 0.12/turn

%: guardian spirit, faith
@: about to teleport
A: fangs 3, regeneration 1, magic shield, antimagic bite, no potion heal 2
a: no special abilities


You were on level 8 of the Dungeon.
You visited 2 branches of the dungeon, and saw 10 of its levels.

You collected 413 gold pieces.

Inventory:

Hand Weapons
 a - a +1 rapier of venom (weapon)
Armour
 c - a +0 buckler (worn)
 q - a +1 helmet (worn)
 w - a +2 chain mail of fire resistance (worn)
Jewellery
 e - a ring of poison resistance (left hand)
 f - an amulet of faith (around neck)
 h - a ring of flight
 s - a +4 ring of protection (right hand)
 t - a ring of fire
 D - a ring of resist corrosion
Wands
 b - a wand of paralysis (7)
 n - a wand of quicksilver (5)
 y - a wand of polymorph (5)
 C - a wand of roots (7) (quivered)
Scrolls
 g - 4 scrolls of teleportation
 l - a scroll of poison
 p - a scroll of noise
 u - a scroll of revelation {unknown}
 z - 2 scrolls of amnesia
 B - a scroll of fear {unknown}
Potions
 d - 2 potions of might
 i - 2 potions of invisibility
 j - 3 potions of haste {unknown}
 k - a potion of ambrosia {unknown}
 m - 2 potions of attraction {unknown}
 o - 2 potions of magic {unknown}
 r - a potion of lignification {unknown}
 v - a potion of mutation {unknown}
 x - 4 potions of brilliance {unknown}
 E - a potion of heal wounds {unknown}


   Skills:
 - Level 3.0 Fighting
 * Level 11.2 Short Blades
 - Level 3.0 Armour
 - Level 3.0 Shields


You had 8 spell levels left.
You didn't know any spells.
Your spell library contained the following spells:

 Spells                   Type           Power      Damage    Failure   Level
 Sublimation of Blood     Necr           0%         N/A       100%        2
 Wereblood                Tmut           0%         N/A       100%        2
 Hailstorm                Conj/Ice       0%         3d3       100%        3
 Tukima's Dance           Hex            0%         N/A       100%        3
 Anguish                  Hex/Necr       0%         N/A       100%        4
 Summon Ice Beast         Ice/Summ       0%         N/A       100%        4
 Simulacrum               Ice/Necr       0%         N/A       100%        6
 Spellforged Servitor     Conj/Summ      0%         N/A       100%        7
 Summon Hydra             Summ           0%         N/A       100%        7


Dungeon Overview and Level Annotations

Branches:
Dungeon (9/15)             Temple (1/1) D:6
   Lair: D:8-11         Orc: D:9-12

Altars:
Ashenzari
Cheibriados
Elyvilon
Fedhas
Hepliaklqana
Kikubaaqudgha
Makhleb
Nemelex Xobeh
Okawaru
Qazlal
Ru
Sif Muna
Trog
Uskayaw
Vehumet
Wu Jian
Xom
Yredelemnul
The Shining One

Shops:
D:7 (

Annotations:
D:5 3 runed translucent doors, choconana's ghost, novice TrFi


Innate Abilities, Weirdness & Mutations

You have razor-sharp teeth.
Your natural rate of healing is unusually fast.
When hurt, damage is shared between your health and your magic reserves.
Your bite disrupts and absorbs the magic of your enemies.
Potions cannot restore your health.


Message History

Unknown command.
Unknown command.
Aiming: Fastroot
Press: ? - help, Q - select action, (/) - cycle Shift-Dir - straight line
Okay, then.
You hit the orc priest.
The orc priest looks as sick as possible!
The orc priest is almost dead.
You hit the orc priest.
You kill the orc priest!
You hear a splash. x2
The electric eel shoots out a bolt of lightning at you!
The bolt of electricity hits you!
Aiming: Fastroot
Press: ? - help, Q - select action, (/) - cycle Shift-Dir - straight line, f - electric eel
Aim: an electric eel The roots erupt in riotous growth!
Roots grab the electric eel.
The grasping roots constrict the electric eel.
The electric eel shoots out a bolt of lightning at you!
The bolt of electricity hits you!
* * * LOW HITPOINT WARNING * * *
You enter the shallow water.
Moving in this stuff is going to be slow.
The grasping roots constrict the electric eel.
The roots release their grip on the electric eel.
Things that are here:
a +0 mace; a +0 leather armour; an orc corpse The electric eel shoots out a bolt of lightning at you!
The bolt of electricity hits you.
* * * LOW HITPOINT WARNING * * *
The electric eel shoots out a bolt of lightning at you!
The bolt of electricity hits you!
* * * LOW HITPOINT WARNING * * *
Unknown command.
As you read the scroll of teleportation, it crumbles to dust.
You feel strangely unstable.
The electric eel shoots out a bolt of lightning at you!
The bolt of electricity hits you!
You die...

≈.≈♣♣♣≈.###....####
≈≈≈≈.≈≈≈≈≈÷......##
.~~..~.~..~.....##
≈≈≈.≈≈≈≈≈...####
♣≈.≈♣♣♣≈~.## ♣≈~≈♣ ≈~
♣≈.≈♣ ♣≈..#
♣♣≈.≈♣♣♣≈~≈♣♣♣≈~≈♣♣♣≈~##
≈≈≈:≈≈≈≈ .≈≈≈≈S~≈≈≈≈≈.###
..o..~S
.~...~~@)..~.>.### ≈≈.≈≈
.≈≈≈≈≈~≈≈≈≈≈.#...## ##
♣≈~≈♣
~S♣♣♣≈~≈♣♣♣≈~.)#..#####.
♣≈.≈♣ ≈~≈ ♣≈.≈♣
♣≈...##.)....>
♣♣≈.≈♣♣♣≈~≈
♣≈.≈♣♣♣≈~..#########
≈≈≈.S≈≈≈≈~≈≈≈≈≈~≈≈≈≈≈~.##
~~~o..~..~.~....~~.~...#
≈≈≈~≈≈≈≈≈.≈≈≈≈≈.≈≈≈≈≈~.#
♣♣≈.≈♣♣♣≈~≈♣ ♣≈~≈♣♣♣≈..#


You could see 2 electric eels.

Vanquished Creatures
  Joseph (D:7)
  A wyvern (D:7)
  A steam dragon (D:7)
  A water moccasin (D:7)
  A sky beast (D:6)
  An ice beast (D:6)
  A black bear (D:6)
  A centaur (D:6)
  A kobold brigand (D:8)
  A bullfrog (D:8)
  3 scorpions
  7 electric eels (D:8)
  A hound (D:7)
  A jelly (D:5)
  5 orc priests
  A sleepcap (D:6)
  2 scorpion zombies (D:4)
  Natasha (thrice) (D:4)
  4 iguanas
  4 orc wizards
  A hound zombie (D:4)
  6 adders
  A shadow imp (D:6)
  2 adder zombies (D:4)
  2 worms
  29 orcs
  5 ball pythons
  4 endoplasms
  A giant cockroach (D:1)
  10 hobgoblins
  12 kobolds
  4 quokkas
  3 bats
  4 frilled lizards
  7 goblins
  5 rats
137 creatures vanquished.

Vanquished Creatures (collateral kills)
  2 electric eels (D:8)
2 creatures vanquished.

Vanquished Creatures (others)
  2 orcs
  A butterfly (D:3)
3 creatures vanquished.

Grand Total: 142 creatures vanquished

Notes
Turn   | Place    | Note
-------+----------+-------------------------------------------
     0 | D:1      | mandarbmax the Vine Stalker Fighter began the quest for the
                  | Orb.
     0 | D:1      | Reached XP level 1. HP: 11/11 MP: 2/2
    86 | D:1      | Reached skill level 2 in Short Blades
   101 | D:1      | Reached XP level 2. HP: 16/16 MP: 1/3
   195 | D:1      | Found a faded altar of an unknown god.
   680 | D:2      | Reached XP level 3. HP: 20/20 MP: 4/4
  1154 | D:3      | Reached XP level 4. HP: 24/24 MP: 3/5
  1176 | D:3      | Reached skill level 3 in Short Blades
  1208 | D:3      | Found a shimmering altar of Xom.
  1211 | D:3      | Found a shimmering altar of Xom.
  1211 | D:3      | Found a shimmering altar of Xom.
  1212 | D:3      | Found a shimmering altar of Xom.
  1409 | D:3      | Found a white marble altar of Elyvilon.
  1516 | D:3      | Found a blossoming altar of Fedhas.
  1761 | D:3      | Found a glowing golden altar of the Shining One.
  1781 | D:4      | Noticed a scorpion
  1804 | D:4      | Killed a scorpion
  1805 | D:4      | Reached skill level 4 in Short Blades
  1805 | D:4      | Reached XP level 5. HP: 25/28 MP: 6/6
  1829 | D:4      | Noticed Natasha
  1846 | D:4      | Killed Natasha
  1954 | D:4      | Found a basalt altar of Yredelemnul.
  1960 | D:4      | Reached XP level 6. HP: 32/32 MP: 7/7
  1971 | D:4      | Reached skill level 5 in Short Blades
  2063 | D:4      | Noticed Natasha
  2111 | D:4      | Killed Natasha
  2136 | D:4      | Noticed Natasha
  2144 | D:4      | Killed Natasha
  2520 | D:4      | Found a shimmering blue altar of Sif Muna.
  2558 | D:5      | Entered Level 5 of the Dungeon
  2682 | D:5      | Reached skill level 6 in Short Blades
  2691 | D:5      | Found a radiant altar of Vehumet.
  2734 | D:5      | Reached XP level 7. HP: 29/36 MP: 5/8
  2870 | D:5      | Found a runed translucent gate.
  2871 | D:5      | Found a runed translucent gate.
  2871 | D:5      | Found a runed translucent gate.
  2872 | D:5      | Noticed choconana's ghost (novice TrFi)
  3326 | D:6      | Reached skill level 7 in Short Blades
  3343 | D:6      | Found a staircase to the Ecumenical Temple.
  3352 | Temple   | Entered the Ecumenical Temple
  3405 | D:6      | Reached skill level 8 in Short Blades
  3405 | D:6      | Gained mutation: You have razor-sharp teeth. [Vine Stalker
                  | growth]
  3405 | D:6      | Reached XP level 8. HP: 40/40 MP: 9/9
  3730 | D:6      | You fall into a shaft and drop 3 floors!
  3730 | D:7      | Identified the "Fikeejuo"
  3917 | D:6      | Found a stormy altar of Qazlal.
  4293 | D:7      | Noticed Joseph
  4303 | D:7      | Killed Joseph
  4304 | D:7      | Reached skill level 9 in Short Blades
  4353 | D:7      | Found Gunal's Antique Weapon Emporium.
  4408 | D:7      | Reached skill level 10 in Short Blades
  4408 | D:7      | Reached XP level 9. HP: 40/44 MP: 7/10
  4861 | D:8      | Found a hazy altar of Hepliaklqana.
  5208 | D:8      | Reached skill level 11 in Short Blades
  5416 | D:8      | HP: 1/44 [electric eel/bolt of electricity (7)]
  5417 | D:8      | Killed from afar by an electric eel

Illustrated notes

Levels and vault maps discovered:
D:1:      saegor_arrival_simple_b, layout_loops_ring, basic_ecumenical_altar
D:2:      layout_basic, item_on_display_a
D:3:      layout_loops_cross, xom_redecorated, nicolae_elyvilon_peaceful_grove,
          fedhas_altar_1, tso_oasis_becter
D:4:      layout_basic, nicolae_yredelemnul_corpse_copse, lemuel_blue_sif_altar,
          kennysheep_generic_room_16, uniq_natasha
D:5:      layout_rooms, mainiacjoe_overflow_concentric_impassable,
          ebering_ghost_rock_garden
D:6:      layout_basic, grunt_qazlal_clouds, minmay_temple_entry_arrows
D:7:      layout_gridville, serial_shops, shop, uniq_joseph
D:8:      layout_rooms, nicolae_overflow_crystal_walls,
          mainiacjoe_overflow_catwalk, nrook_campfire, kennysheep_boxes
D:9:      layout_cave_pods, pdpol_temple_overflow_zin_treasury_gozag_greed,
          orc_0_dummy, minivault_10
Temple:   hellmonk_temple_beads

Skill      XL: |  1  2  3  4  5  6  7  8  9 |
---------------+----------------------------+-----
Short Blades   | 2 4 6 8 10 11 | 11.2
Fighting       | 3 |  3.0
Shields        | 3 |  3.0
Armour         | 3 |  3.0

Action                     |  1- 3 |  4- 6 |  7- 9 || total
---------------------------+-------+-------+-------++-------
  Melee: Rapier            |    96 |   214 |   229 ||   539
         Bite              |    21 |    66 |    72 ||   159
  Evoke: Wand              |       |       |    18 ||    18
    Use: Scroll            |       |     8 |     6 ||    14
 Armour: Scale mail        |    52 |   113 |     4 ||   169
         Skin              |       |    15 |       ||    15
         Chain mail        |       |       |   168 ||   168
  Dodge: Dodged            |    42 |    78 |    37 ||   157
  Block: Buckler           |    18 |    47 |    34 ||    99

Table legend: (Time is in decaauts)
 A = Elapsed time spent in this place.
 B = Non-inter-level travel time spent in this place.
 C = Inter-level travel time spent in this place.
 D = Time resting spent in this place.
 E = Time spent auto-exploring this place.
 F = Levels seen in this place.
 G = Mean time per level.
                   A        B        C        D        E       F      G
               +--------+--------+--------+--------+--------+-----+--------+
         Total |   5386 |   5208 |    178 |    188 |   3918 |  10 |  538.6 |
       Dungeon |   5384 |   5206 |    178 |    188 |   3918 |   9 |  598.2 |
        Temple |      1 |      1 |      0 |      0 |      0 |   1 |    1.0 |
               +--------+--------+--------+--------+--------+-----+--------+

Top non-repeatable levels by time:
     D:6: 778 daAuts
     D:4: 773 daAuts
     D:7: 706 daAuts
     D:3: 682 daAuts
     D:5: 654 daAuts
     D:8: 653 daAuts
     D:1: 621 daAuts
     D:2: 512 daAuts
     D:9: 3 daAuts
  Temple: 1 daAuts
